Maple Leafs vs Flyers
(R2)
Created - May 9, 2018 at 19:40
Goals
|
| Maple Leafs |
1 |
1 |
1 |
3 |
| Flyers |
1 |
1 |
2 |
4 |
|
Shots
|
| Maple Leafs |
4 |
10 |
8 |
22 |
| Flyers |
13 |
9 |
11 |
33 |
|
1st period
1. Maple Leafs , Marc-Édouard Vlasic 1 (Claude Giroux 5) at 12:41 (PP)
2. Flyers , Jeff Carter 4 (Jaromir Jagr 1, J.T. Miller 1) at 19:08 (PP)
Penalties :
Kyle Wellwood (Phi) for Hooking (Minor) at 2:01, Jonathan Ericsson (Phi) for Hooking (Minor) at 6:58, Antoine Vermette (Tor) for Hooking (Minor) at 10:37, Jaromir Jagr (Phi) for Interference (Minor) at 10:47, Fabian Brunnstrom (Tor) for Tripping (Minor) at 19:05
2nd period
3. Flyers , Tom Poti 1 (Jeff Carter 2) at 2:04 (PP)
4. Maple Leafs , John Klingberg 2 (Tobias Enstrom 5, Marc-André Fleury) at 8:39 (PP)
Penalties :
Marc-Édouard Vlasic (Tor) for Cross-checking (Minor) at 0:22, Jaromir Jagr (Phi) for Holding (Minor) at 2:13, J.T. Miller (Phi) for Hooking (Minor) at 8:27, Fabian Brunnstrom (Tor) for Slashing (Minor) at 15:57, Mats Zuccarello (Phi) for Hooking (Minor) at 18:44
3rd period
5. Flyers , J.T. Miller 1 (Jeff Carter 3) at 2:27 (PP)
6. Flyers , Jakub Voracek 1 (Dany Heatley 1, Kyle Wellwood 2) at 3:06
7. Maple Leafs , Colby Armstrong 1 (John Klingberg 4, Fabian Brunnstrom 1) at 17:31
Penalties :
Artemi Panarin (Tor) for High sticking (Minor) at 2:20, Fabian Brunnstrom (Tor) for Holding (Minor) at 5:35, Matthew Lombardi (Phi) for High sticking (Minor) at 18:03
Goalie Stats
Marc-André Fleury (Tor), 29 saves from 33 shots - (0.879), L, 1-2-0, 58:55 minutes
Steve Mason (Phi), 19 saves from 22 shots - (0.864), W, 3-1-0, 60:00 minutes
Players Stats for Maple Leafs
Player Name G A P +/- PIM S H SB GA TA FO MP PP MP PK MP
------------------------------------------------------------------------------------
Alex Killorn 0 0 0 0 0 0 6 0 1 0 0/0 5:38 0:00 0:00
Antoine Vermette 0 0 0 0 2 0 2 0 0 0 4/9 9:37 0:05 0:41
Artemi Panarin 0 0 0 0 2 0 1 0 0 0 1/1 21:15 5:30 0:41
Ben Smith 0 0 0 0 0 2 2 0 0 1 0/0 9:08 0:07 0:00
Blake Comeau 0 0 0 0 0 0 0 1 0 0 0/0 6:08 0:06 0:00
Braydon Coburn 0 0 0 -1 0 0 1 0 2 1 0/0 23:25 3:54 3:27
Claude Giroux 0 1 1 0 0 2 3 1 1 0 3/7 25:50 5:35 3:59
Colby Armstrong 1 0 1 0 0 2 2 0 0 1 0/1 18:43 4:27 1:20
Eric Nystrom 0 0 0 0 0 3 2 0 0 0 0/0 9:19 0:06 0:00
Fabian Brunnstrom 0 1 1 0 6 0 5 1 1 0 0/1 16:46 4:28 0:00
Gilbert Brule 0 0 0 0 0 4 2 0 0 0 3/17 18:44 4:28 1:20
John Klingberg 1 1 2 1 0 4 2 3 0 0 0/0 24:25 6:15 0:00
Jordan Staal 0 0 0 0 0 1 3 0 2 0 16/38 25:50 5:35 3:59
Marc-Édouard Vlasic 1 0 1 1 2 3 2 1 0 2 0/0 23:33 3:59 0:07
Ryan Parent 0 0 0 0 0 1 0 2 1 0 0/0 11:45 0:00 2:26
Taylor Chorney 0 0 0 0 0 0 0 0 0 0 0/0 12:11 0:00 3:34
Tobias Enstrom 0 1 1 -1 0 0 2 2 1 0 0/0 24:10 6:10 2:26
Zac Dalpe 0 0 0 0 0 0 0 0 0 0 1/3 5:38 0:00 0:00
Players Stats for Flyers
Player Name G A P +/- PIM S H SB GA TA FO MP PP MP PK MP
------------------------------------------------------------------------------------
Brian McGrattan 0 0 0 0 0 0 1 1 0 0 0/0 8:49 0:00 0:00
Chris Mcallister 0 0 0 0 0 0 0 0 2 0 0/1 7:50 0:00 2:42
Dany Heatley 0 1 1 1 0 1 1 0 0 0 1/1 14:44 2:09 0:00
Drew Miller 0 0 0 0 0 4 2 1 0 1 1/1 15:30 0:00 6:13
J.T. Miller 1 1 2 -1 2 5 0 0 0 0 3/4 21:55 3:51 1:14
Jakub Voracek 1 0 1 1 0 3 1 0 0 0 0/0 14:07 2:09 0:00
Jaromir Jagr 0 1 1 -1 4 5 1 0 0 1 1/1 19:24 3:50 0:00
Jeff Carter 1 2 3 -1 0 4 1 0 0 0 15/30 21:58 3:51 1:00
Jeff Woywitka 0 0 0 0 0 0 0 4 1 2 0/0 27:10 3:30 3:36
Jonathan Ericsson 0 0 0 0 2 0 4 3 0 2 0/0 25:56 3:30 2:59
Kyle Wellwood 0 1 1 1 2 4 2 0 1 0 13/18 16:55 2:09 1:46
Marcus Kruger 0 0 0 0 0 1 0 0 1 0 4/6 11:09 0:00 2:12
Mats Zuccarello 0 0 0 0 2 1 0 0 0 0 0/0 5:07 0:00 0:00
Matt Smaby 0 0 0 0 0 0 0 1 0 1 0/0 12:13 0:00 0:49
Matthew Lombardi 0 0 0 0 2 2 1 0 0 0 11/15 10:20 0:00 5:11
Oliver Ekman-Larsson 0 0 0 0 0 0 0 1 0 0 0/0 22:00 2:30 6:23
Randy Jones 0 0 0 0 0 0 0 0 0 0 0/0 11:41 0:00 0:10
Tom Poti 1 0 1 0 0 3 2 1 0 2 0/0 21:07 2:30 6:21
3 Stars
1 - John Klingberg (Tor)
2 - Jeff Carter (Phi)
3 - Jakub Voracek (Phi)
Power Play
Maple Leafs - 2 on 7 Attempt(s) - 28.57%
Flyers - 3 on 6 Attempt(s) - 50.00%
Penalty Kill
Maple Leafs - 3 on 6 Attempt(s) - 50.00%
- Score 0 goal in Penalty Kill
Flyers - 5 on 7 Attempt(s) - 71.43%
- Score 0 goal in Penalty Kill
Team Stat
Maple Leafs - Hits : 35 - Faceoff Wins : 28 - Blocked Shots : 11 - Penalty Minutes : 12
Flyers - Hits : 16 - Faceoff Wins : 49 - Blocked Shots : 12 - Penalty Minutes : 14
Official
Referees : Pochmara Brian and Lee Chris
Linesman : Derek Amell and Derek Nansen
Game Notes
No Game Note
Finance
Level 1 -- Attendance: 5890 (98.17%) -- Ticket Income $530,100
Level 2 -- Attendance: 5000 (100.00%) -- Ticket Income $275,000
Level 3 -- Attendance: 2000 (100.00%) -- Ticket Income $70,000
Level 4 -- Attendance: 4000 (100.00%) -- Ticket Income $100,000
Luxury Box -- Attendance: 890 (89.00%) -- Ticket Income $146,850
Game was played at the Wells Fargo Center.
Total Attendance: 17780 (98.78%)
Total Ticket Income: $1,121,950
Other Income: $168,292
Total Income: $1,290,242
Maple Leafs
5 vs 5 Forward
Center Left Wing Right Wing Time % Phy DF OF
1 Jordan Staal Artemi Panarin Claude Giroux 40 0 1 4
2 Gilbert Brule Fabian Brunnstrom Colby Armstrong 30 1 2 2
3 Antoine Vermette Eric Nystrom Ben Smith 20 1 2 2
4 Zac Dalpe Alex Killorn Blake Comeau 10 1 2 2
5 vs 5 Defense
Defense Defense Time % Phy DF OF
1 John Klingberg Marc-Édouard Vlasic 40 0 1 4
2 Braydon Coburn Tobias Enstrom 30 0 2 2
3 Taylor Chorney Ryan Parent 20 1 2 2
4 Braydon Coburn Tobias Enstrom 10 1 2 2
PowerPlay Forward
Center Left Wing Right Wing Time % Phy DF OF
1 Jordan Staal Artemi Panarin Claude Giroux 60 1 2 2
2 Gilbert Brule Fabian Brunnstrom Colby Armstrong 40 1 2 2
PowerPlay Defense
Defense Defense Time % Phy DF OF
1 John Klingberg Tobias Enstrom 60 1 2 2
2 Marc-Édouard Vlasic Braydon Coburn 40 1 2 2
Penalty Kill 4 Players Forward
Center Wing Time % Phy DF OF
1 Jordan Staal Claude Giroux 60 1 2 2
2 Gilbert Brule Colby Armstrong 40 1 2 2
Penalty Kill 4 Players Defense
Defense Defense Time % Phy DF OF
1 Braydon Coburn Taylor Chorney 60 1 2 2
2 Tobias Enstrom Ryan Parent 40 1 2 2
Penalty Kill - 3 Players Forward
Forward Time % Phy DF OF
1 Jordan Staal 60 1 2 2
2 Gilbert Brule 40 1 2 2
Penalty Kill - 3 Players Defense
Defense Defense Time % Phy DF OF
1 Braydon Coburn Taylor Chorney 60 1 2 2
2 Tobias Enstrom Ryan Parent 40 1 2 2
4 vs 4 Forward
Center Wing Time % Phy DF OF
1 Jordan Staal Claude Giroux 60 1 2 2
2 Gilbert Brule Colby Armstrong 40 1 2 2
4 vs 4 Defense
Defense Defense Time % Phy DF OF
1 Braydon Coburn Tobias Enstrom 60 1 2 2
2 John Klingberg Marc-Édouard Vlasic 40 1 2 2
Last Minutes Offensive
Center Left Wing Right Wing Defense Defense
Jordan Staal Artemi Panarin Claude Giroux John Klingberg Tobias Enstrom
Last Minutes Defensive
Center Left Wing Right Wing Defense Defense
Jordan Staal Colby Armstrong Claude Giroux Ryan Parent Braydon Coburn
Goaltenders
Starting : Marc-André Fleury
Backup : Alex Stalock
Extra Forwards
Normal : Artemi Panarin, Colby Armstrong, Jordan Staal - PP : Ben Smith, Colby Armstrong - PK : Fabian Brunnstrom
Extra Defensemen
Normal : Tobias Enstrom, Ryan Parent, Braydon Coburn - PP : Marc-Édouard Vlasic - PK : Taylor Chorney, Ryan Parent
Penalty Shots
Claude Giroux, Artemi Panarin, Fabian Brunnstrom, Colby Armstrong, Jordan Staal
Scratches
None
Flyers
5 vs 5 Forward
Center Left Wing Right Wing Time % Phy DF OF
1 Jeff Carter J.T. Miller Jaromir Jagr 40 1 1 3
2 Kyle Wellwood Dany Heatley Jakub Voracek 30 0 1 4
3 Marcus Kruger Drew Miller Brian McGrattan 20 0 2 3
4 Matthew Lombardi Chris Mcallister Mats Zuccarello 10 0 3 2
5 vs 5 Defense
Defense Defense Time % Phy DF OF
1 Jonathan Ericsson Jeff Woywitka 40 0 2 3
2 Tom Poti Oliver Ekman-Larsson 30 0 2 3
3 Randy Jones Matt Smaby 20 0 3 2
4 Oliver Ekman-Larsson Jeff Woywitka 10 0 2 3
PowerPlay Forward
Center Left Wing Right Wing Time % Phy DF OF
1 Jeff Carter J.T. Miller Jaromir Jagr 60 1 0 4
2 Kyle Wellwood Dany Heatley Jakub Voracek 40 0 0 5
PowerPlay Defense
Defense Defense Time % Phy DF OF
1 Jeff Woywitka Jonathan Ericsson 60 0 2 3
2 Tom Poti Oliver Ekman-Larsson 40 0 2 3
Penalty Kill 4 Players Forward
Center Wing Time % Phy DF OF
1 Matthew Lombardi Drew Miller 60 0 5 0
2 Kyle Wellwood Chris Mcallister 40 0 3 2
Penalty Kill 4 Players Defense
Defense Defense Time % Phy DF OF
1 Oliver Ekman-Larsson Tom Poti 60 0 5 0
2 Jeff Woywitka Jonathan Ericsson 40 0 5 0
Penalty Kill - 3 Players Forward
Forward Time % Phy DF OF
1 Matthew Lombardi 60 0 5 0
2 Kyle Wellwood 40 0 3 2
Penalty Kill - 3 Players Defense
Defense Defense Time % Phy DF OF
1 Oliver Ekman-Larsson Tom Poti 60 0 5 0
2 Jeff Woywitka Jonathan Ericsson 40 0 5 0
4 vs 4 Forward
Center Wing Time % Phy DF OF
1 Jeff Carter J.T. Miller 60 1 1 3
2 Kyle Wellwood Dany Heatley 40 0 1 4
4 vs 4 Defense
Defense Defense Time % Phy DF OF
1 Tom Poti Oliver Ekman-Larsson 60 0 3 2
2 Jonathan Ericsson Jeff Woywitka 40 0 3 2
Last Minutes Offensive
Center Left Wing Right Wing Defense Defense
Jeff Carter Dany Heatley Jaromir Jagr Jonathan Ericsson Jeff Woywitka
Last Minutes Defensive
Center Left Wing Right Wing Defense Defense
Matthew Lombardi Drew Miller Brian McGrattan Oliver Ekman-Larsson Jeff Woywitka
Goaltenders
Starting : Steve Mason
Backup : Cory Schneider
Extra Forwards
Normal : Jeff Carter, Dany Heatley, Jakub Voracek - PP : Jeff Carter, Dany Heatley - PK : Matthew Lombardi
Extra Defensemen
Normal : Oliver Ekman-Larsson, Jonathan Ericsson, Jeff Woywitka - PP : Jeff Woywitka - PK : Oliver Ekman-Larsson, Jeff Woywitka
Penalty Shots
Jeff Carter, Kyle Wellwood, Dany Heatley, Jaromir Jagr, Drew Miller
Scratches
None
% Time on Ice - Maple Leafs
Lines # - Real PCT - Wanted PCT - Time Play
Normal Forward
1 - 37% - 40% - 15:26
2 - 29% - 30% - 12:21
3 - 20% - 20% - 8:37
4 - 13% - 10% - 5:38
Normal Defense
1 - 43% - 40% - 18:15
2 - 31% - 30% - 13:00
3 - 20% - 20% - 8:32
4 - 5% - 10% - 2:15
PP Forward
1 - 56% - 60% - 5:41
2 - 44% - 40% - 4:28
PP Defense
1 - 61% - 60% - 6:10
2 - 39% - 40% - 3:59
PK Forward
1 - 78% - 60% - 4:40
2 - 22% - 40% - 1:20
PK Defense
1 - 59% - 60% - 3:34
2 - 41% - 40% - 2:26
PK3 Forward
1 - 0% - 60%
2 - 0% - 40%
PK3 Defense
1 - 0% - 60%
2 - 0% - 40%
44 Forward
1 - 68% - 60% - 1:14
2 - 32% - 40% - 0:35
44 Defense
1 - 62% - 60% - 1:08
2 - 38% - 40% - 0:41
Last Minute Offensive - 0:00
Last Minute Defensive - 0:00
Total
Forward - 60:00
Defense - 60:00
|
% Time on Ice - Flyers
Lines # - Real PCT - Wanted PCT - Time Play
Normal Forward
1 - 38% - 40% - 16:07
2 - 29% - 30% - 12:00
3 - 21% - 20% - 8:49
4 - 12% - 10% - 5:06
Normal Defense
1 - 42% - 40% - 17:51
2 - 29% - 30% - 12:12
3 - 26% - 20% - 11:08
4 - 2% - 10% - 0:51
PP Forward
1 - 64% - 60% - 3:51
2 - 36% - 40% - 2:09
PP Defense
1 - 58% - 60% - 3:30
2 - 42% - 40% - 2:30
PK Forward
1 - 75% - 60% - 7:39
2 - 25% - 40% - 2:30
PK Defense
1 - 63% - 60% - 6:21
2 - 37% - 40% - 3:48
PK3 Forward
1 - 0% - 60%
2 - 0% - 40%
PK3 Defense
1 - 0% - 60%
2 - 0% - 40%
44 Forward
1 - 66% - 60% - 1:12
2 - 34% - 40% - 0:37
44 Defense
1 - 58% - 60% - 1:03
2 - 42% - 40% - 0:46
Last Minute Offensive - 0:00
Last Minute Defensive - 0:00
Total
Forward - 60:00
Defense - 60:00
|
Play by Play
1st period
0:01 of 1st period - Claude Giroux wins face-off versus Jeff Carter in neutral zone.
0:23 of 1st period - Jonathan Ericsson is hit by John Klingberg and loses puck.
0:43 of 1st period - Jonathan Ericsson is hit by Jordan Staal and loses puck.
0:58 of 1st period - Jaromir Jagr is hit by Jordan Staal and loses puck.
1:14 of 1st period - Slapshot by Jaromir Jagr.
1:14 of 1st period - Stopped by Marc-André Fleury without a rebound.
1:15 of 1st period - Kyle Wellwood wins face-off versus Fabian Brunnstrom in Maple Leafs zone.
1:24 of 1st period - Slapshot by Kyle Wellwood.
1:24 of 1st period - Stopped by Marc-André Fleury without a rebound.
1:25 of 1st period - Kyle Wellwood wins face-off versus Gilbert Brule in Maple Leafs zone.
1:26 of 1st period - Snap shot by Jakub Voracek.
1:26 of 1st period - Stopped by Marc-André Fleury with a rebound.
2:01 of 1st period - Minor Penalty to Kyle Wellwood for Hooking.
2:02 of 1st period - Jordan Staal wins face-off versus Matthew Lombardi in Flyers zone.
2:33 of 1st period - Oliver Ekman-Larsson is hit by Gilbert Brule and loses puck.
4:01 of 1st period - Penalty to Kyle Wellwood is over, Kyle Wellwood is back on ice.
4:22 of 1st period - Wrist shot by Jeff Carter.
4:22 of 1st period - Shot Misses the Net.
4:24 of 1st period - Wrist shot by Kyle Wellwood.
4:24 of 1st period - Deflect By Jeff Carter.
4:24 of 1st period - Stopped by Marc-André Fleury without a rebound.
4:25 of 1st period - Zac Dalpe wins face-off versus Kyle Wellwood in Maple Leafs zone.
4:57 of 1st period - Icing by Chris Mcallister.
4:58 of 1st period - Matthew Lombardi wins face-off versus Gilbert Brule in Flyers zone.
5:15 of 1st period - Snap shot by Jaromir Jagr.
5:15 of 1st period - Stopped by Marc-André Fleury without a rebound.
5:16 of 1st period - Antoine Vermette wins face-off versus Marcus Kruger in Maple Leafs zone.
5:54 of 1st period - Snap shot by Kyle Wellwood.
5:54 of 1st period - Shot Blocked by Claude Giroux.
6:08 of 1st period - Gilbert Brule is hit by Jaromir Jagr and loses puck.
6:15 of 1st period - Slapshot by Marc-Édouard Vlasic.
6:15 of 1st period - Shot Misses the Net.
6:58 of 1st period - Minor Penalty to Jonathan Ericsson for Hooking.
6:59 of 1st period - Jordan Staal wins face-off versus Matthew Lombardi in Flyers zone.
7:02 of 1st period - Snap shot by Claude Giroux.
7:02 of 1st period - Deflect By Jordan Staal.
7:02 of 1st period - Stopped by Steve Mason without a rebound.
7:03 of 1st period - Matthew Lombardi wins face-off versus Claude Giroux in Flyers zone.
8:24 of 1st period - Gilbert Brule is hit by Kyle Wellwood and loses puck.
8:57 of 1st period - Snap shot by J.T. Miller.
8:57 of 1st period - Deflect By Marcus Kruger.
8:57 of 1st period - Stopped by Marc-André Fleury with a rebound.
8:58 of 1st period - Penalty to Jonathan Ericsson is over, Jonathan Ericsson is back on ice.
9:11 of 1st period - Snap shot by J.T. Miller.
9:11 of 1st period - Shot Misses the Net.
9:13 of 1st period - Snap shot by Kyle Wellwood.
9:13 of 1st period - Stopped by Marc-André Fleury with a rebound.
9:27 of 1st period - Jonathan Ericsson is hit by Alex Killorn and loses puck.
10:17 of 1st period - Ryan Parent is hit by Tom Poti and loses puck.
10:37 of 1st period - Minor Penalty to Antoine Vermette for Hooking.
10:38 of 1st period - Jeff Carter wins face-off versus Jordan Staal in Maple Leafs zone.
10:47 of 1st period - Minor Penalty to Jaromir Jagr for Interference.
10:48 of 1st period - Jordan Staal wins face-off versus Jeff Carter in Flyers zone.
10:49 of 1st period - Slapshot by Claude Giroux.
10:49 of 1st period - Shot Blocked by Oliver Ekman-Larsson.
10:55 of 1st period - Wrist shot by J.T. Miller.
10:55 of 1st period - Stopped by Marc-André Fleury with a rebound.
10:57 of 1st period - Slapshot by Tom Poti.
10:57 of 1st period - Stopped by Marc-André Fleury without a rebound.
10:58 of 1st period - Jordan Staal wins face-off versus Jeff Carter in Maple Leafs zone.
11:00 of 1st period - Icing by Claude Giroux.
11:01 of 1st period - Jordan Staal wins face-off versus Jeff Carter in Maple Leafs zone.
11:08 of 1st period - Tom Poti is hit by Claude Giroux and loses puck.
11:41 of 1st period - Dany Heatley is hit by Marc-Édouard Vlasic and loses puck.
11:46 of 1st period - Wrist shot by Colby Armstrong.
11:46 of 1st period - Stopped by Steve Mason without a rebound.
11:47 of 1st period - Claude Giroux wins face-off versus Jeff Carter in Flyers zone.
12:23 of 1st period - Slapshot by John Klingberg.
12:23 of 1st period - Shot Blocked by Jonathan Ericsson.
12:37 of 1st period - Penalty to Antoine Vermette is over, Antoine Vermette is back on ice.
12:41 of 1st period - Slapshot by Marc-Édouard Vlasic.
12:41 of 1st period - Deflect By Drew Miller.
12:41 of 1st period - Goal by Marc-Édouard Vlasic - Maple Leafs : 1 - Flyers : 0.
12:42 of 1st period - Jeff Carter wins face-off versus Gilbert Brule in neutral zone.
12:57 of 1st period - Off-side.
12:58 of 1st period - Jordan Staal wins face-off versus Kyle Wellwood in neutral zone.
13:03 of 1st period - Oliver Ekman-Larsson is hit by Jordan Staal and loses puck.
13:30 of 1st period - Wrist shot by Gilbert Brule.
13:30 of 1st period - Stopped by Steve Mason without a rebound.
13:31 of 1st period - Gilbert Brule wins face-off versus Jeff Carter in Flyers zone.
13:41 of 1st period - Jonathan Ericsson is hit by Fabian Brunnstrom.
14:23 of 1st period - Dany Heatley is hit by Eric Nystrom and loses puck.
14:32 of 1st period - Snap shot by Jakub Voracek.
14:32 of 1st period - Stopped by Marc-André Fleury with a rebound.
15:38 of 1st period - Snap shot by Drew Miller.
15:38 of 1st period - Stopped by Marc-André Fleury without a rebound.
15:39 of 1st period - Kyle Wellwood wins face-off versus Gilbert Brule in Maple Leafs zone.
15:48 of 1st period - Wrist shot by Gilbert Brule.
15:48 of 1st period - Shot Misses the Net.
16:16 of 1st period - Snap shot by J.T. Miller.
16:16 of 1st period - Stopped by Marc-André Fleury without a rebound.
16:17 of 1st period - Marcus Kruger wins face-off versus Jordan Staal in Maple Leafs zone.
16:26 of 1st period - Slapshot by Oliver Ekman-Larsson.
16:26 of 1st period - Shot Misses the Net.
16:33 of 1st period - Off-side.
16:34 of 1st period - Jeff Carter wins face-off versus Gilbert Brule in neutral zone.
16:59 of 1st period - Braydon Coburn is hit by Jonathan Ericsson and loses puck.
17:47 of 1st period - Oliver Ekman-Larsson is hit by Alex Killorn.
18:07 of 1st period - J.T. Miller is hit by Fabian Brunnstrom and loses puck.
18:43 of 1st period - Snap shot by Marcus Kruger.
18:43 of 1st period - Shot Misses the Net.
18:50 of 1st period - Slapshot by Marc-Édouard Vlasic.
18:50 of 1st period - Shot Blocked by Matt Smaby.
18:52 of 1st period - Slapshot by Marc-Édouard Vlasic.
18:52 of 1st period - Deflect By Eric Nystrom.
18:52 of 1st period - Shot Blocked by Drew Miller.
18:52 of 1st period - Puck is out of play.
18:53 of 1st period - Gilbert Brule wins face-off versus Jeff Carter in Flyers zone.
19:05 of 1st period - Minor Penalty to Fabian Brunnstrom for Tripping.
19:06 of 1st period - J.T. Miller wins face-off versus Jordan Staal in Maple Leafs zone.
19:08 of 1st period - Slapshot by Jeff Carter.
19:08 of 1st period - Goal by Jeff Carter - Maple Leafs : 1 - Flyers : 1.
19:09 of 1st period - Jeff Carter wins face-off versus Jordan Staal in neutral zone.
19:36 of 1st period - Dany Heatley is hit by Gilbert Brule and loses puck.
19:58 of 1st period - Drew Miller is hit by Antoine Vermette and loses puck.
Goals for this period are 1 for Maple Leafs vs 1 for Flyers.
Shots for this period are 4 for Maple Leafs vs 13 for Flyers.
2nd period
0:01 of 2nd period - Jeff Carter wins face-off versus Jordan Staal in neutral zone.
0:09 of 2nd period - Jonathan Ericsson is hit by Marc-Édouard Vlasic and loses puck.
0:22 of 2nd period - Minor Penalty to Marc-Édouard Vlasic for Cross-checking.
0:23 of 2nd period - Jordan Staal wins face-off versus Jeff Carter in Maple Leafs zone.
0:45 of 2nd period - Icing by J.T. Miller.
0:46 of 2nd period - Jeff Carter wins face-off versus Jordan Staal in Flyers zone.
1:13 of 2nd period - Wrist shot by J.T. Miller.
1:13 of 2nd period - Stopped by Marc-André Fleury without a rebound.
1:14 of 2nd period - Kyle Wellwood wins face-off versus Jordan Staal in Maple Leafs zone.
1:23 of 2nd period - Wrist shot by Jakub Voracek.
1:23 of 2nd period - Deflect By Claude Giroux.
1:23 of 2nd period - Shot Misses the Net.
1:23 of 2nd period - Puck is out of play.
1:24 of 2nd period - Jordan Staal wins face-off versus Kyle Wellwood in Maple Leafs zone.
1:41 of 2nd period - Icing by Jaromir Jagr.
1:42 of 2nd period - Jaromir Jagr wins face-off versus Gilbert Brule in Flyers zone.
2:04 of 2nd period - Slapshot by Tom Poti.
2:04 of 2nd period - Goal by Tom Poti - Maple Leafs : 1 - Flyers : 2.
2:05 of 2nd period - Jeff Carter wins face-off versus Jordan Staal in neutral zone.
2:13 of 2nd period - Minor Penalty to Jaromir Jagr for Holding.
2:14 of 2nd period - Matthew Lombardi wins face-off versus Jordan Staal in Flyers zone.
2:43 of 2nd period - Drew Miller is hit by Tobias Enstrom.
2:59 of 2nd period - Off-side.
3:00 of 2nd period - Kyle Wellwood wins face-off versus Gilbert Brule in neutral zone.
3:25 of 2nd period - Jeff Woywitka is hit by Fabian Brunnstrom and loses puck.
3:39 of 2nd period - Icing by Artemi Panarin.
3:40 of 2nd period - Artemi Panarin wins face-off versus Matthew Lombardi in Maple Leafs zone.
3:56 of 2nd period - Off-side.
3:57 of 2nd period - Gilbert Brule wins face-off versus Kyle Wellwood in neutral zone.
4:13 of 2nd period - Penalty to Jaromir Jagr is over, Jaromir Jagr is back on ice.
4:22 of 2nd period - Oliver Ekman-Larsson is hit by Ben Smith and loses puck.
4:33 of 2nd period - Wrist shot by Kyle Wellwood.
4:33 of 2nd period - Shot Misses the Net.
5:11 of 2nd period - Snap shot by Brian McGrattan.
5:11 of 2nd period - Shot Blocked by Fabian Brunnstrom.
5:13 of 2nd period - Slapshot by Matt Smaby.
5:13 of 2nd period - Shot Blocked by Ryan Parent.
5:15 of 2nd period - Snap shot by Drew Miller.
5:15 of 2nd period - Stopped by Marc-André Fleury without a rebound.
5:16 of 2nd period - Kyle Wellwood wins face-off versus Gilbert Brule in Maple Leafs zone.
6:22 of 2nd period - Snap shot by Drew Miller.
6:22 of 2nd period - Stopped by Marc-André Fleury with a rebound.
6:34 of 2nd period - Kyle Wellwood is hit by Alex Killorn and loses puck.
6:45 of 2nd period - Kyle Wellwood is hit by Alex Killorn.
7:14 of 2nd period - Snap shot by John Klingberg.
7:14 of 2nd period - Stopped by Steve Mason with a rebound.
7:34 of 2nd period - Wrist shot by Dany Heatley.
7:34 of 2nd period - Deflect By Marc-Édouard Vlasic.
7:34 of 2nd period - Shot Blocked by Blake Comeau.
7:34 of 2nd period - Puck is out of play.
7:35 of 2nd period - Jeff Carter wins face-off versus Jordan Staal in Maple Leafs zone.
7:36 of 2nd period - Slapshot by Jaromir Jagr.
7:36 of 2nd period - Stopped by Marc-André Fleury without a rebound.
7:37 of 2nd period - J.T. Miller wins face-off versus Jordan Staal in Maple Leafs zone.
7:43 of 2nd period - Icing by Claude Giroux.
7:44 of 2nd period - Jeff Carter wins face-off versus Jordan Staal in Maple Leafs zone.
7:54 of 2nd period - Icing by Tobias Enstrom.
7:55 of 2nd period - Jordan Staal wins face-off versus Jeff Carter in Maple Leafs zone.
7:55 of 2nd period - Jordan Staal is hit by Tom Poti.
8:27 of 2nd period - Minor Penalty to J.T. Miller for Hooking.
8:28 of 2nd period - Drew Miller wins face-off versus Gilbert Brule in Flyers zone.
8:39 of 2nd period - Slapshot by John Klingberg.
8:39 of 2nd period - Goal by John Klingberg - Maple Leafs : 2 - Flyers : 2.
8:40 of 2nd period - Claude Giroux wins face-off versus Jeff Carter in neutral zone.
8:47 of 2nd period - Wrist shot by Claude Giroux.
8:47 of 2nd period - Shot Misses the Net.
9:11 of 2nd period - Slapshot by Gilbert Brule.
9:11 of 2nd period - Stopped by Steve Mason with a rebound.
9:17 of 2nd period - Slapshot by Gilbert Brule.
9:17 of 2nd period - Stopped by Steve Mason with a rebound.
9:19 of 2nd period - Slapshot by Marc-Édouard Vlasic.
9:19 of 2nd period - Deflect By Gilbert Brule.
9:19 of 2nd period - Shot Blocked by Jeff Woywitka.
9:19 of 2nd period - Puck is out of play.
9:20 of 2nd period - Antoine Vermette wins face-off versus Jeff Carter in Flyers zone.
9:21 of 2nd period - Wrist shot by Ben Smith.
9:21 of 2nd period - Stopped by Steve Mason with a rebound.
9:47 of 2nd period - Jakub Voracek is hit by Tobias Enstrom and loses puck.
11:00 of 2nd period - Wrist shot by Mats Zuccarello.
11:00 of 2nd period - Stopped by Marc-André Fleury without a rebound.
11:01 of 2nd period - J.T. Miller wins face-off versus Jordan Staal in Maple Leafs zone.
11:24 of 2nd period - Jeff Carter is hit by Artemi Panarin and loses puck.
12:20 of 2nd period - Icing by Tobias Enstrom.
12:21 of 2nd period - Jordan Staal wins face-off versus Kyle Wellwood in Maple Leafs zone.
12:21 of 2nd period - Jordan Staal is hit by Jakub Voracek.
12:57 of 2nd period - Snap shot by Claude Giroux.
12:57 of 2nd period - Shot Blocked by Tom Poti.
12:59 of 2nd period - Snap shot by Tobias Enstrom.
12:59 of 2nd period - Shot Blocked by Brian McGrattan.
13:01 of 2nd period - Wrist shot by Tobias Enstrom.
13:01 of 2nd period - Shot Hit the Post.
13:07 of 2nd period - Wrist shot by Claude Giroux.
13:07 of 2nd period - Shot Misses the Net.
13:09 of 2nd period - Slapshot by Claude Giroux.
13:09 of 2nd period - Shot Misses the Net.
13:11 of 2nd period - Snap shot by Jordan Staal.
13:11 of 2nd period - Shot Misses the Net.
13:13 of 2nd period - Snap shot by Artemi Panarin.
13:13 of 2nd period - Deflect By Claude Giroux.
13:13 of 2nd period - Shot Misses the Net.
13:13 of 2nd period - Puck is out of play.
13:14 of 2nd period - Kyle Wellwood wins face-off versus Gilbert Brule in Flyers zone.
13:19 of 2nd period - Wrist shot by Fabian Brunnstrom.
13:19 of 2nd period - Shot Misses the Net.
13:21 of 2nd period - Snap shot by Marc-Édouard Vlasic.
13:21 of 2nd period - Shot Blocked by Jeff Woywitka.
13:23 of 2nd period - Snap shot by Fabian Brunnstrom.
13:23 of 2nd period - Shot Blocked by Jeff Woywitka.
13:25 of 2nd period - Snap shot by Gilbert Brule.
13:25 of 2nd period - Shot Blocked by Jonathan Ericsson.
13:27 of 2nd period - Wrist shot by Gilbert Brule.
13:27 of 2nd period - Stopped by Steve Mason without a rebound.
13:28 of 2nd period - Kyle Wellwood wins face-off versus Gilbert Brule in Flyers zone.
13:28 of 2nd period - Kyle Wellwood is hit by Fabian Brunnstrom.
13:54 of 2nd period - Drew Miller is hit by Alex Killorn and loses puck.
14:37 of 2nd period - Wrist shot by Marc-Édouard Vlasic.
14:37 of 2nd period - Stopped by Steve Mason with a rebound.
14:49 of 2nd period - Taylor Chorney is hit by Dany Heatley and loses puck.
14:56 of 2nd period - Colby Armstrong is hit by Kyle Wellwood and loses puck.
15:19 of 2nd period - Slapshot by Ryan Parent.
15:19 of 2nd period - Shot Misses the Net.
15:21 of 2nd period - Slapshot by Ryan Parent.
15:21 of 2nd period - Stopped by Steve Mason without a rebound.
15:22 of 2nd period - Antoine Vermette wins face-off versus Jeff Carter in Flyers zone.
15:25 of 2nd period - Snap shot by Eric Nystrom.
15:25 of 2nd period - Stopped by Steve Mason without a rebound.
15:26 of 2nd period - Antoine Vermette wins face-off versus Jeff Carter in Flyers zone.
15:34 of 2nd period - Off-side.
15:35 of 2nd period - Jeff Carter wins face-off versus Claude Giroux in neutral zone.
15:35 of 2nd period - Jaromir Jagr is hit by Claude Giroux and loses puck.
15:46 of 2nd period - Snap shot by Jeff Carter.
15:46 of 2nd period - Shot Misses the Net.
15:48 of 2nd period - Snap shot by J.T. Miller.
15:48 of 2nd period - Shot Blocked by John Klingberg.
15:50 of 2nd period - Wrist shot by J.T. Miller.
15:50 of 2nd period - Stopped by Marc-André Fleury without a rebound.
15:51 of 2nd period - Kyle Wellwood wins face-off versus Gilbert Brule in Maple Leafs zone.
15:57 of 2nd period - Minor Penalty to Fabian Brunnstrom for Slashing.
15:58 of 2nd period - Jordan Staal wins face-off versus Jeff Carter in Maple Leafs zone.
16:56 of 2nd period - Snap shot by Gilbert Brule.
16:56 of 2nd period - Shot Misses the Net.
17:57 of 2nd period - Penalty to Fabian Brunnstrom is over, Fabian Brunnstrom is back on ice.
18:11 of 2nd period - Snap shot by Chris Mcallister.
18:11 of 2nd period - Shot Misses the Net.
18:13 of 2nd period - Snap shot by Matthew Lombardi.
18:13 of 2nd period - Shot Blocked by Ryan Parent.
18:27 of 2nd period - Fabian Brunnstrom is hit by Brian McGrattan and loses puck.
18:41 of 2nd period - Off-side.
18:42 of 2nd period - Matthew Lombardi wins face-off versus Antoine Vermette in neutral zone.
18:44 of 2nd period - Minor Penalty to Mats Zuccarello for Hooking.
18:45 of 2nd period - Jordan Staal wins face-off versus Matthew Lombardi in Flyers zone.
18:55 of 2nd period - Wrist shot by Jordan Staal.
18:55 of 2nd period - Shot Misses the Net.
19:08 of 2nd period - Icing by Artemi Panarin.
19:09 of 2nd period - Matthew Lombardi wins face-off versus Claude Giroux in Maple Leafs zone.
19:10 of 2nd period - Snap shot by Drew Miller.
19:10 of 2nd period - Deflect By Matthew Lombardi.
19:10 of 2nd period - Stopped by Marc-André Fleury without a rebound.
19:11 of 2nd period - Matthew Lombardi wins face-off versus Claude Giroux in Maple Leafs zone.
19:32 of 2nd period - John Klingberg is hit by Drew Miller and loses puck.
19:43 of 2nd period - Backhand shot by John Klingberg.
19:43 of 2nd period - Stopped by Steve Mason without a rebound.
19:44 of 2nd period - Kyle Wellwood wins face-off versus Colby Armstrong in Flyers zone.
19:50 of 2nd period - Icing by Colby Armstrong.
19:51 of 2nd period - Matthew Lombardi wins face-off versus Gilbert Brule in Maple Leafs zone.
19:52 of 2nd period - Wrist shot by Drew Miller.
19:52 of 2nd period - Stopped by Marc-André Fleury with a rebound.
Goals for this period are 1 for Maple Leafs vs 1 for Flyers.
Shots for this period are 10 for Maple Leafs vs 9 for Flyers.
3rd period
0:01 of 3rd period - Matthew Lombardi wins face-off versus Jordan Staal in neutral zone.
0:12 of 3rd period - Slapshot by Oliver Ekman-Larsson.
0:12 of 3rd period - Shot Misses the Net.
0:26 of 3rd period - Oliver Ekman-Larsson is hit by John Klingberg and loses puck.
0:44 of 3rd period - Penalty to Mats Zuccarello is over, Mats Zuccarello is back on ice.
1:01 of 3rd period - Wrist shot by Jeff Carter.
1:01 of 3rd period - Shot Misses the Net.
1:03 of 3rd period - Slapshot by Jeff Carter.
1:03 of 3rd period - Shot Misses the Net.
1:34 of 3rd period - Taylor Chorney is hit by Matthew Lombardi and loses puck.
1:38 of 3rd period - Icing by Taylor Chorney.
1:39 of 3rd period - Jordan Staal wins face-off versus Chris Mcallister in Maple Leafs zone.
2:20 of 3rd period - Minor Penalty to Artemi Panarin for High sticking.
2:21 of 3rd period - Jeff Carter wins face-off versus Jordan Staal in Maple Leafs zone.
2:25 of 3rd period - Wrist shot by Jeff Carter.
2:25 of 3rd period - Shot Misses the Net.
2:27 of 3rd period - Slapshot by J.T. Miller.
2:27 of 3rd period - Goal by J.T. Miller - Maple Leafs : 2 - Flyers : 3.
2:28 of 3rd period - Jordan Staal wins face-off versus Jeff Carter in neutral zone.
2:43 of 3rd period - Wrist shot by Jordan Staal.
2:43 of 3rd period - Shot Hit the Post.
2:45 of 3rd period - Snap shot by Jordan Staal.
2:45 of 3rd period - Shot Blocked by Jonathan Ericsson.
3:06 of 3rd period - Wrist shot by Jakub Voracek.
3:06 of 3rd period - Goal by Jakub Voracek - Maple Leafs : 2 - Flyers : 4.
3:07 of 3rd period - Jeff Carter wins face-off versus Jordan Staal in neutral zone.
3:20 of 3rd period - Wrist shot by Jeff Carter.
3:20 of 3rd period - Shot Blocked by John Klingberg.
3:22 of 3rd period - Snap shot by Jaromir Jagr.
3:22 of 3rd period - Shot Misses the Net.
3:24 of 3rd period - Wrist shot by Jaromir Jagr.
3:24 of 3rd period - Stopped by Marc-André Fleury with a rebound.
3:34 of 3rd period - Jakub Voracek is hit by Colby Armstrong and loses puck.
4:01 of 3rd period - John Klingberg is hit by Drew Miller and loses puck.
4:36 of 3rd period - Wrist shot by Jeff Carter.
4:36 of 3rd period - Stopped by Marc-André Fleury with a rebound.
4:38 of 3rd period - Snap shot by Jeff Carter.
4:38 of 3rd period - Shot Blocked by Tobias Enstrom.
4:40 of 3rd period - Snap shot by Jaromir Jagr.
4:40 of 3rd period - Shot Blocked by Tobias Enstrom.
4:44 of 3rd period - Wrist shot by Jeff Carter.
4:44 of 3rd period - Stopped by Marc-André Fleury with a rebound.
5:20 of 3rd period - Tobias Enstrom is hit by Jonathan Ericsson and loses puck.
5:35 of 3rd period - Minor Penalty to Fabian Brunnstrom for Holding.
5:36 of 3rd period - Jeff Carter wins face-off versus Jordan Staal in Maple Leafs zone.
5:37 of 3rd period - Slapshot by Jaromir Jagr.
5:37 of 3rd period - Stopped by Marc-André Fleury without a rebound.
5:38 of 3rd period - Jordan Staal wins face-off versus J.T. Miller in Maple Leafs zone.
7:35 of 3rd period - Penalty to Fabian Brunnstrom is over, Fabian Brunnstrom is back on ice.
7:47 of 3rd period - Snap shot by Eric Nystrom.
7:47 of 3rd period - Shot Misses the Net.
8:32 of 3rd period - Snap shot by Mats Zuccarello.
8:32 of 3rd period - Deflect By Matthew Lombardi.
8:32 of 3rd period - Stopped by Marc-André Fleury with a rebound.
8:50 of 3rd period - Wrist shot by Ben Smith.
8:50 of 3rd period - Stopped by Steve Mason with a rebound.
9:56 of 3rd period - Slapshot by Blake Comeau.
9:56 of 3rd period - Shot Misses the Net.
9:58 of 3rd period - Slapshot by John Klingberg.
9:58 of 3rd period - Stopped by Steve Mason with a rebound.
11:06 of 3rd period - Tom Poti is hit by Fabian Brunnstrom and loses puck.
11:23 of 3rd period - Gilbert Brule is hit by Jonathan Ericsson and loses puck.
11:32 of 3rd period - Jonathan Ericsson is hit by Colby Armstrong and loses puck.
11:51 of 3rd period - Snap shot by Fabian Brunnstrom.
11:51 of 3rd period - Shot Misses the Net.
11:53 of 3rd period - Slapshot by Antoine Vermette.
11:53 of 3rd period - Deflect By Colby Armstrong.
11:53 of 3rd period - Shot Misses the Net.
11:53 of 3rd period - Puck is out of play.
11:54 of 3rd period - Kyle Wellwood wins face-off versus Jordan Staal in Flyers zone.
12:05 of 3rd period - Snap shot by Kyle Wellwood.
12:05 of 3rd period - Stopped by Marc-André Fleury without a rebound.
12:06 of 3rd period - Kyle Wellwood wins face-off versus Jordan Staal in Maple Leafs zone.
12:11 of 3rd period - Snap shot by Jakub Voracek.
12:11 of 3rd period - Shot Misses the Net.
12:13 of 3rd period - Snap shot by Dany Heatley.
12:13 of 3rd period - Stopped by Marc-André Fleury without a rebound.
12:14 of 3rd period - Dany Heatley wins face-off versus Jordan Staal in Maple Leafs zone.
12:21 of 3rd period - Snap shot by Jakub Voracek.
12:21 of 3rd period - Shot Misses the Net.
12:23 of 3rd period - Backhand shot by Kyle Wellwood.
12:23 of 3rd period - Shot Blocked by John Klingberg.
12:25 of 3rd period - Wrist shot by Kyle Wellwood.
12:25 of 3rd period - Stopped by Marc-André Fleury with a rebound.
12:27 of 3rd period - Snap shot by Oliver Ekman-Larsson.
12:27 of 3rd period - Shot Misses the Net.
12:31 of 3rd period - Slapshot by Dany Heatley.
12:31 of 3rd period - Shot Blocked by Marc-Édouard Vlasic.
12:33 of 3rd period - Wrist shot by Kyle Wellwood.
12:33 of 3rd period - Shot Misses the Net.
12:35 of 3rd period - Slapshot by Tom Poti.
12:35 of 3rd period - Stopped by Marc-André Fleury without a rebound.
12:36 of 3rd period - Jeff Carter wins face-off versus Antoine Vermette in Maple Leafs zone.
12:47 of 3rd period - Jaromir Jagr is hit by Ben Smith and loses puck.
13:08 of 3rd period - Slapshot by Tobias Enstrom.
13:08 of 3rd period - Shot Misses the Net.
13:12 of 3rd period - Snap shot by Claude Giroux.
13:12 of 3rd period - Stopped by Steve Mason without a rebound.
13:13 of 3rd period - Kyle Wellwood wins face-off versus Jordan Staal in Flyers zone.
13:50 of 3rd period - John Klingberg is hit by Jeff Carter.
14:28 of 3rd period - Off-side.
14:29 of 3rd period - Jeff Carter wins face-off versus Antoine Vermette in neutral zone.
14:47 of 3rd period - Snap shot by Eric Nystrom.
14:47 of 3rd period - Stopped by Steve Mason with a rebound.
15:12 of 3rd period - Snap shot by Ryan Parent.
15:12 of 3rd period - Deflect By Eric Nystrom.
15:12 of 3rd period - Stopped by Steve Mason without a rebound.
15:13 of 3rd period - Marcus Kruger wins face-off versus Jordan Staal in Flyers zone.
15:28 of 3rd period - Slapshot by Braydon Coburn.
15:28 of 3rd period - Deflect By Claude Giroux.
15:28 of 3rd period - Stopped by Steve Mason without a rebound.
15:29 of 3rd period - Matthew Lombardi wins face-off versus Zac Dalpe in Flyers zone.
15:29 of 3rd period - Matthew Lombardi is hit by Alex Killorn.
15:54 of 3rd period - Claude Giroux is hit by Jonathan Ericsson.
16:23 of 3rd period - Slapshot by Ben Smith.
16:23 of 3rd period - Shot Misses the Net.
16:58 of 3rd period - Icing by Colby Armstrong.
16:59 of 3rd period - Matthew Lombardi wins face-off versus Gilbert Brule in Maple Leafs zone.
17:31 of 3rd period - Snap shot by John Klingberg.
17:31 of 3rd period - Deflect By Colby Armstrong.
17:31 of 3rd period - Goal by Colby Armstrong - Maple Leafs : 3 - Flyers : 4.
17:32 of 3rd period - Marcus Kruger wins face-off versus Antoine Vermette in neutral zone.
17:32 of 3rd period - Drew Miller is hit by Eric Nystrom.
17:41 of 3rd period - Off-side.
17:42 of 3rd period - Marcus Kruger wins face-off versus Antoine Vermette in neutral zone.
17:42 of 3rd period - Brian McGrattan is hit by Antoine Vermette and loses puck.
17:53 of 3rd period - Slapshot by John Klingberg.
17:53 of 3rd period - Shot Misses the Net.
17:55 of 3rd period - Snap shot by Eric Nystrom.
17:55 of 3rd period - Shot Misses the Net.
17:57 of 3rd period - Slapshot by Marc-Édouard Vlasic.
17:57 of 3rd period - Shot Misses the Net.
17:59 of 3rd period - Slapshot by Marc-Édouard Vlasic.
17:59 of 3rd period - Deflect By Drew Miller.
17:59 of 3rd period - Stopped by Steve Mason without a rebound.
18:00 of 3rd period - Matthew Lombardi wins face-off versus Zac Dalpe in Flyers zone.
18:00 of 3rd period - Matthew Lombardi is hit by Braydon Coburn.
18:03 of 3rd period - Minor Penalty to Matthew Lombardi for High sticking.
18:04 of 3rd period - Jordan Staal wins face-off versus Marcus Kruger in Flyers zone.
18:10 of 3rd period - Tom Poti is hit by Claude Giroux and loses puck.
18:55 of 3rd period - Maple Leafs, Marc-André Fleury is pulled from the net.
18:55 of 3rd period - Snap shot by John Klingberg.
18:55 of 3rd period - Shot Blocked by Jeff Woywitka.
Goals for this period are 1 for Maple Leafs vs 2 for Flyers.
Shots for this period are 8 for Maple Leafs vs 11 for Flyers.
Back to the Top